 Dungeon Crawl Stone Soup version 0.29.1-14-g9c671dbff4 (webtiles) character file.

Game seed: 15703085006068002048

77 Dvallin the Poker (level 4, -1/38 HPs)
             Began as a Gnoll Wanderer on Feb 17, 2023.
             Killed by nerve-wracking pain
             ... invoked by an orc priest
              (4 damage)
             ... on level 3 of the Dungeon.
             The game lasted 00:05:42 (1655 turns).

Dvallin the Poker (Gnoll Wanderer)                  Turns: 1655, Time: 00:05:43

Health: -1/38      AC:  3    Str: 12    XL:     4   Next: 34%
Magic:  8/8        EV: 11    Int: 10    God:
Gold:   61         SH:  9    Dex: 14    Spells: 8/9 levels left

rFire   . . .      SeeInvis .   f - +0 dagger (drain)
rCold   . . .      Faith    .   b - +0 buckler
rNeg    . . .      Spirit   .   d - +0 robe
rPois   .          Reflect  +   (no helmet)
rElec   .          Harm     .   (no cloak)
rCorr   .          Rampage  .   (no gloves)
Will    .....                   m - +0 pair of boots
Stlth   ++........              i - amulet of reflection
HPRegen 0.12/turn               (no ring)
MPRegen 0.11/turn               (no ring)

@: no status effects
A: fangs 1, strong nose, distributed training
a: no special abilities


You were on level 3 of the Dungeon.
You visited 1 branch of the dungeon, and saw 3 of its levels.

You collected 61 gold pieces.

Inventory:

Hand Weapons
 a - a +2 spear
 f - a +0 dagger of draining (weapon)
Armour
 b - a +0 buckler (worn)
 d - a +0 robe (worn)
 m - a +0 pair of boots (worn)
 n - a +0 kite shield
Magical Staves
 k - a staff of cold
Jewellery
 i - an amulet of reflection (around neck)
Scrolls
 e - 3 scrolls of identify {unknown}
 g - a scroll of immolation {unknown}
 h - 5 scrolls of teleportation {unknown}
Potions
 c - a potion of lignification
 j - 2 potions of attraction {unknown}
 l - 2 potions of mutation {unknown}


   Skills:
 + Level 4.6 Fighting
 + Level 1.1 Short Blades
 + Level 1.1 Long Blades
 + Level 1.1 Axes
 + Level 1.1 Maces & Flails
 + Level 6.6 Polearms
 + Level 1.1 Staves
 + Level 1.1 Ranged Weapons
 + Level 1.1 Throwing
 + Level 2.7 Armour
 + Level 1.1 Dodging
 + Level 2.5 Stealth
 + Level 2.7 Shields
 + Level 1.1 Unarmed Combat
 + Level 3.0 Spellcasting
 + Level 0.9 Conjurations
 + Level 0.9 Hexes
 + Level 0.9 Summonings
 + Level 0.9 Necromancy
 + Level 0.9 Translocations
 + Level 0.9 Transmutations
 + Level 0.9 Fire Magic
 + Level 0.9 Ice Magic
 + Level 0.9 Air Magic
 + Level 0.9 Earth Magic
 + Level 2.2 Poison Magic
 + Level 1.2 Invocations
 + Level 1.1 Evocations


You had 8 spell levels left.
You knew the following spells:

 Your Spells              Type           Power      Damage    Failure   Level
a - Sting                 Tmut/Pois      16%        1d3       19%         1

Your spell library contained the following spells:

 Spells                   Type           Power      Damage    Failure   Level
 Ignite Poison            Fire/Tmut/Pois 4%         N/A       54%         3
 Summon Guardian Golem    Hex/Summ       3%         N/A       58%         3
 Orb of Destruction       Conj           1%         9d5       100%        7
 Spellforged Servitor     Conj/Summ      1%         N/A       100%        7


Dungeon Overview and Level Annotations

Branches:
Dungeon (2/15)

Altars:
Nemelex Xobeh

Shops:
D:1 ?


Innate Abilities, Weirdness & Mutations

You have very sharp teeth.
Your uncanny sense of smell can sniff out nearby items.
Your experience applies equally to all skills.


Message History

The orc hits you with a +0 short sword. The orc priest misses you.
You closely miss the orc.
The orc is heavily wounded.
The orc misses you. The orc priest closely misses you.
You hit the orc priest but do no damage.
You drain the orc priest. Your bite misses the orc priest.
The orc priest is moderately wounded.
The orc closely misses you. You block the orc priest's attack.
You hit the orc priest but do no damage.
You drain the orc priest.
The orc priest is heavily wounded.
You block the orc's attack.
The orc priest invokes the aid of Beogh against you.
Pain shoots through your body!
* * * LOW HITPOINT WARNING * * *
You barely miss the orc priest.
The orc priest is heavily wounded.
You block the orc's attack. The orc priest barely misses you.
You hit the orc priest but do no damage.
You bite the orc priest, but do no damage.
The orc priest is heavily wounded.
The orc closely misses you.
The orc priest hits you but does no damage.
You hit the orc priest.
The orc priest is severely wounded.
The orc hits you with a +0 short sword.
* * * LOW HITPOINT WARNING * * *
The orc priest hits you with a +0 hand axe.
* * * LOW HITPOINT WARNING * * *
You hit the orc priest but do no damage.
The orc priest is severely wounded.
The orc priest hits you with a +0 hand axe.
* * * LOW HITPOINT WARNING * * *
You block the orc's attack.
You hit the orc priest.
The orc priest is severely wounded.
The orc hits you but does no damage.
The orc priest calls down the wrath of Beogh upon you.
Pain shoots through your body!
You die...

##### ###@..## ∆
#)oo...###
...$....###...##### ##
####..######......### ##.
....###...###......###..
........._...#####......#
#######....#.....###...##
.........##.#...#####.
#######..##.#.........


You could see an orc priest (very drained) and an orc (very drained).

Vanquished Creatures
  3 adders
  3 orcs (D:3)
  3 bats (D:2)
  3 endoplasms
  A giant cockroach (D:1)
  4 goblins
  5 hobgoblins
  7 jackals
  2 quokkas
  3 frilled lizards
  5 kobolds (D:1)
  3 rats
42 creatures vanquished.

Notes
Turn   | Place    | Note
-------+----------+-------------------------------------------
     0 | D:1      | Dvallin the Gnoll Wanderer began the quest for the Orb.
     0 | D:1      | Dvallin set off with the following items: a +2 spear, a +0
                  | buckler, a potion of lignification, a +0 robe; and the
                  | following spell memorised: Sting; and the following spells
                  | available to memorise: Ignite Poison.
     0 | D:1      | Reached XP level 1. HP: 20/20 MP: 4/4
    25 | D:1      | Found a faded altar of an unknown god.
   192 | D:1      | Reached XP level 2. HP: 26/26 MP: 3/5
   888 | D:1      | Reached XP level 3. HP: 31/31 MP: 1/7
   951 | D:1      | Found Byzuqav's Magic Scroll Boutique.
  1181 | D:2      | Reached skill level 1 in Invocations
  1434 | D:2      | Reached skill level 1 in Short Blades
  1434 | D:2      | Reached skill level 1 in Long Blades
  1434 | D:2      | Reached skill level 1 in Axes
  1434 | D:2      | Reached skill level 1 in Maces & Flails
  1434 | D:2      | Reached skill level 1 in Staves
  1434 | D:2      | Reached skill level 1 in Ranged Weapons
  1434 | D:2      | Reached skill level 1 in Throwing
  1434 | D:2      | Reached skill level 1 in Dodging
  1434 | D:2      | Reached skill level 1 in Unarmed Combat
  1434 | D:2      | Reached skill level 1 in Evocations
  1511 | D:2      | Reached XP level 4. HP: 36/38 MP: 4/8
  1548 | D:2      | You fall into a shaft and drop 1 floor!
  1550 | D:3      | Found a sparkling altar of Nemelex Xobeh.
  1655 | D:3      | Killed from afar by an orc priest

Illustrated notes

Levels and vault maps discovered:
D:1:      mushboom_english_gardens, layout_basic, serial_shops,
          nicolae_lakefront_shop, hellmonk_ecumenical_altar_dog_temple
D:2:      cheibrodos_helix_gallery, layout_loops_ring
D:3:      layout_basic, mainiacjoe_overflow_catch_the_wave

Skill      XL: |  1  2  3  4 |
---------------+-------------+-----
Poison Magic   | 2 |  2.2
Invocations    | 1 |  1.2
Short Blades   | 1 |  1.1
Long Blades    | 1 |  1.1
Axes           | 1 |  1.1
Maces & Flails | 1 |  1.1
Staves         | 1 |  1.1
Ranged Weapons | 1 |  1.1
Throwing       | 1 |  1.1
Dodging        | 1 |  1.1
Unarmed Combat | 1 |  1.1
Evocations     | 1 |  1.1
Spellcasting   | 3 |  3.0
Fighting       | |  4.6
Polearms       | |  6.6
Armour         | |  2.7
Stealth        | |  2.5
Shields        | |  2.7
Conjurations   | |  0.9
Hexes          | |  0.9
Summonings     | |  0.9
Necromancy     | |  0.9
Translocations | |  0.9
Transmutations | |  0.9
Fire Magic     | |  0.9
Ice Magic      | |  0.9
Air Magic      | |  0.9
Earth Magic    | |  0.9

Action                   |  1- 3 |  4- 6 || total
-------------------------+-------+-------++-------
Melee: Spear             |    20 |       ||    20
       Dagger            |    58 |    39 ||    97
       Bite              |     8 |     4 ||    12
 Cast: Sting             |    36 |     2 ||    38
 Stab: Sleeping          |     1 |       ||     1
Armor: Robe              |    10 |     5 ||    15
Dodge: Dodged            |    29 |    15 ||    44
Block: Buckler           |    36 |    12 ||    48
       Reflection        |     1 |       ||     1
